 Dungeon Crawl Stone Soup version 0.32-a0-940-g8c197d95f1 (webtiles) character file.

Game seed: 4870107351308767725

13300 DryNick the Severer (level 11, -5/99 HPs)
             Began as a Mountain Dwarf Fighter on Apr 16, 2024.
             Was a High Priest of Zin.
             Slain by a skyshark (10 damage)
             ... on level 2 of the Lair of Beasts.
             The game lasted 00:30:12 (9526 turns).

DryNick the Severer (Mountain Dwarf Fighter)        Turns: 9526, Time: 00:30:13

Health: -5/99      AC: 10    Str: 24    XL:     11   Next: 73%
Magic:  11/11      EV:  7    Int:  8    God:    Zin [*****.]
Gold:   601        SH: 14    Dex:  9    Spells: 10/10 levels left

rFire   . . .        p - +2 war axe
rCold   . . .        x - +0 tower shield
rNeg    . . .        y - +0 ring mail {Will+}
rPois   .            l - +0 hat
rElec   .            b - +0 cloak
rCorr   .            n - +0 pair of gloves {Stlth+}
SInv    .            (no boots)
Will    ++...        f - amulet of regeneration
Stlth   +            (no ring)
HPRegen 1.16/turn    (no ring)
MPRegen 0.12/turn

%: no passive effects
@: no status effects
A: runic magic, artefact enchanting
a: Renounce Religion, Recite, Vitalisation, Imprison, Sanctuary, Donate Gold


You were on level 2 of the Lair of Beasts.
You worshipped Zin.
Zin was extremely pleased with you.
You visited 3 branches of the dungeon, and saw 13 of its levels.

You collected 878 gold pieces.
You donated 277 gold pieces to Zin.

Inventory:

Hand Weapons
 o - a +0 flail of holy wrath
 p - a +2 war axe (weapon)
 D - a +2 morningstar of freezing
Missiles
 k - 53 stones (quivered)
Armour
 b - a +0 cloak (worn)
 l - a +0 hat (worn)
 n - a +0 pair of gloves of stealth (worn)
 x - a +0 tower shield (worn)
 y - a +0 ring mail of willpower (worn)
 A - a +0 plate armour
Jewellery
 a - a ring of ice
 f - an amulet of regeneration (around neck)
 m - an amulet of magic regeneration
Wands
 c - a wand of paralysis (18)
 j - a wand of flame (12)
Scrolls
 e - 4 scrolls of fog
 g - 2 scrolls of teleportation
 h - 3 scrolls of revelation
 r - 2 scrolls of poison
 s - 3 scrolls of noise
 u - a scroll of amnesia {unknown}
 z - a scroll of fear
 B - 2 scrolls of vulnerability {unknown}
 C - a scroll of enchant armour {unknown}
 E - 2 scrolls of identify
Potions
 d - 2 potions of haste {unknown}
 i - a potion of invisibility {unknown}
 q - 5 potions of mutation
 t - a potion of curing
 w - a potion of resistance


   Skills:
 + Level 9.7 Fighting
 * Level 15.0 Axes
 + Level 9.8 Armour
 + Level 9.5 Shields


You had 10 spell levels left.
You didn't know any spells.
Your spell library contained the following spells:

 Spells                   Type           Power      Damage    Failure   Level
 Slow                     Hex            0%         N/A       86%         1
 Sting                    Conj/Alch      0%         1d3       86%         1
 Cigotuvi's Dreadful Rot  Necr/Alch/Air  0%         N/A       95%         2
 Mercury Vapours          Alch/Air       0%         N/A       95%         2
 Confusing Touch          Hex            0%         N/A       99%         3
 Summon Ice Beast         Ice/Summ       0%         N/A       99%         3
 Vampiric Draining        Necr           0%         2d6       99%         3
 Airstrike                Air            0%         2d(0-16)  100%        4
 Olgreb's Toxic Radiance  Alch           0%         N/A       100%        4
 Arcjolt                  Conj/Air       0%         1d10      100%        5
 Summon Mana Viper        Hex/Summ       0%         N/A       100%        5
 Monstrous Menagerie      Summ           0%         N/A       100%        7


Dungeon Overview and Level Annotations

Branches:
Dungeon (10/15)            Temple (1/1) D:7            Lair (2/5) D:10
  Swamp: Lair:2-3    Shoals: Lair:2-3     Snake: Lair:2-3    Spider: Lair:2-3
    Orc: D:9-12

Altars:
Ashenzari
Cheibriados
Dithmenos
Elyvilon
Fedhas
Gozag
Hepliaklqana
Kikubaaqudgha
Makhleb
Nemelex Xobeh
Okawaru
Qazlal
Ru
Sif Muna
Trog
Uskayaw
Vehumet
Wu Jian
Xom
Yredelemnul
Zin
The Shining One

Shops:
D:8 *

Annotations:
D:3 3 runed translucent doors, paps's ghost, amateur DsGl


Innate Abilities, Weirdness & Mutations

Your spellcasting is much less encumbered by armour.
You can use scrolls of enchantment on lesser artefacts.


Message History

The skyshark barely misses you.
You slash the skyshark!
The skyshark is moderately wounded.
You hit the plant.
You feel sick.
The water moccasin bites the plant!
You block the skyshark's attack. The skyshark tail-slaps you!
You block the skyshark's attack.
Unknown command.
You feel much better.
You feel sick.
A nearby plant withers and dies.
You block the skyshark's attack. The skyshark tail-slaps you. x2
You block the water moccasin's attack. You block the skyshark's attack. x2
The skyshark tail-slaps you but does no damage.
Okay, then.
Okay, then.
Aiming: Paralyse
Press: ? - help, Shift-Dir - straight line, f - skyshark
Aim: a skyshark (moderately wounded, berserk, chance to affect: 31%)
The skyshark easily resists.
You feel sick. You block the water moccasin's attack.
The skyshark barely misses you. You block the skyshark's attack.
The skyshark closely misses you.
Aiming: Paralyse
Press: ? - help, Shift-Dir - straight line, f/p - skyshark
Aim: a skyshark (moderately wounded, berserk, chance to affect: 31%)
The skyshark easily resists.
You feel sick.
You are no longer poisoned.
You block the skyshark's attack. The skyshark tail-slaps you!
You block the skyshark's attack. You block the water moccasin's attack.
The skyshark bites you!!
* * * LOW HITPOINT WARNING * * *
You block the skyshark's attack. The skyshark tail-slaps you.
* * * LOW HITPOINT WARNING * * *
Aiming: Paralyse
Press: ? - help, Shift-Dir - straight line, f/p - skyshark
Aim: a skyshark (moderately wounded, berserk, chance to affect: 31%)
The skyshark easily resists.
The water moccasin barely misses you. The skyshark bites you!
* * * LOW HITPOINT WARNING * * *
The skyshark tail-slaps you!
* * * LOW HITPOINT WARNING * * *
The skyshark tail-slaps you!
You die...

.......## #...#...#..##
.......# ##....####...#
.......# #....## #...#
^......# ##...P# #..##
.......# #....## #..#
.......## ##...# ...##
........####...#####..P#
.......##.#.....#S##..##..
................@F........
..<.....รท.#.######........
.#..#.....### #....#...
#.####...## .......# ###
#...# ##....### ## #...#
#...## .## #...## #...#
..####....# #....
#.#.#....## #...P#


You could see a skyshark (berserk) and a water moccasin.

Vanquished Creatures
  An ugly thing (D:10)
  5 elephants (Lair:1)
  Maurice (D:8)
  2 cane toads (Lair:1)
  Maggie (Lair:1)
  A komodo dragon (Lair:1)
  A troll (D:10)
  A hornet (D:10)
  8 blink frogs
  A shadow (D:9)
  4 wyverns
  9 yaks (D:9)
  A basilisk (Lair:1)
  4 vampire mosquitoes (D:10)
  2 acid dragons
  3 water moccasins
  3 ice beasts
  2 orc warriors
  A sky beast (D:7)
  A black bear (D:8)
  2 ogres (D:6)
  2 centaurs
  10 wolves
  A kobold brigand (D:6)
  4 bullfrogs
  20 wights
  2 scorpions (D:5)
  6 killer bees (D:9)
  2 electric eels (Lair:1)
  A bombardier beetle (D:4)
  4 hounds
  2 jellies
  4 orc priests
  A gnoll bouda (D:7)
  7 iguanas
  5 orc wizards
  7 hell rats (Lair:1)
  7 gnolls
  3 adders
  A shadow imp (D:6)
  A white imp (D:4)
  4 dart slugs
  24 orcs
  5 bats
  7 endoplasms
  2 giant cockroaches
  6 goblins
  10 hobgoblins
  4 jackals (D:4)
  4 kobolds
  6 quokkas
  12 ball pythons
  A frilled lizard (D:2)
  6 rats
235 creatures vanquished.

Notes
Turn   | Place    | Note
-------+----------+-------------------------------------------
     0 | D:1      | DryNick the Mountain Dwarf Fighter began the quest for the
                  | Orb.
     0 | D:1      | Reached XP level 1. HP: 19/19 MP: 1/1
    40 | D:1      | Reached skill level 3 in Axes
    64 | D:1      | Reached XP level 2. HP: 23/26 MP: 2/2
   139 | D:1      | Reached skill level 4 in Axes
   256 | D:1      | Reached XP level 3. HP: 12/31 MP: 3/3
  1180 | D:2      | Reached skill level 5 in Axes
  1451 | D:2      | Reached XP level 4. HP: 28/38 MP: 4/4
  1610 | D:3      | Noticed paps's ghost (amateur DsGl)
  1619 | D:3      | Found a runed translucent gate.
  1619 | D:3      | Found a runed translucent gate.
  1619 | D:3      | Found a runed translucent gate.
  2454 | D:4      | Reached skill level 6 in Axes
  2502 | D:4      | Found a sparkling altar of Nemelex Xobeh.
  2579 | D:4      | Reached XP level 5. HP: 44/45 MP: 5/5
  2617 | D:4      | Found an opulent altar of Gozag.
  2762 | D:4      | Identified the +5 whip "Webal" {protect, ^Contam rElec
                  | rC+++ Dex-2}
  2795 | D:4      | Got the Quarto of the Vapourous Fair Folk
  2931 | D:4      | Reached XP level 6. HP: 46/52 MP: 6/6
  2942 | D:4      | Found a shadowy altar of Dithmenos.
  3049 | D:5      | Entered Level 5 of the Dungeon
  3135 | D:5      | Reached skill level 7 in Axes
  3510 | D:5      | Noticed an ice beast
  3523 | D:5      | Killed an ice beast
  3524 | D:5      | Reached XP level 7. HP: 48/60 MP: 7/7
  3609 | D:5      | Reached skill level 8 in Axes
  4015 | D:6      | Found an ornate altar of the Wu Jian Council.
  4119 | D:5      | Reached skill level 5 in Fighting
  4119 | D:5      | Reached skill level 5 in Armour
  4157 | D:6      | Reached XP level 8. HP: 62/68 MP: 8/8
  4286 | D:6      | Reached skill level 9 in Axes
  4379 | D:6      | Reached skill level 5 in Shields
  4390 | D:6      | Found a snail-covered altar of Cheibriados.
  4559 | D:7      | Found a glowing silver altar of Zin.
  4559 | D:7      | Found a bloodstained altar of Trog.
  4609 | D:7      | Became a worshipper of Zin the Law-Giver
  4609 | D:7      | Reached * piety under Zin
  4609 | D:7      | Reached ** piety under Zin
  4649 | D:7      | Found a staircase to the Ecumenical Temple.
  4650 | D:7      | Donated 190 gold pieces to Zin
  4657 | Temple   | Entered the Ecumenical Temple
  4957 | D:7      | You fall into a shaft and drop 2 floors!
  5002 | D:9      | Reached *** piety under Zin
  5031 | D:9      | Reached skill level 10 in Axes
  5031 | D:9      | Reached XP level 9. HP: 58/75 MP: 9/9
  5305 | D:9      | Reached skill level 11 in Axes
  5575 | D:7      | Found a shimmering altar of Xom.
  5635 | D:7      | Found a white marble altar of Elyvilon.
  5757 | D:7      | Reached skill level 12 in Axes
  5757 | D:7      | Reached XP level 10. HP: 60/86 MP: 7/10
  6178 | D:7      | Reached **** piety under Zin
  6564 | D:8      | Noticed Maurice
  6581 | D:8      | Paralysed by Maurice for 3 turns
  6597 | D:8      | Killed Maurice
  6700 | D:8      | Found Ayfoiles's Alliterative Armaments.
  7232 | D:9      | Found a sacrificial altar of Ru.
  7466 | D:10     | Entered Level 10 of the Dungeon
  7546 | D:10     | Found a stormy altar of Qazlal.
  7658 | D:10     | Reached skill level 13 in Axes
  7684 | D:10     | Found a hazy altar of Hepliaklqana.
  7797 | D:10     | Noticed a purple ugly thing
  7811 | D:10     | Killed a purple ugly thing
  7931 | D:10     | Found a staircase to the Lair.
  8002 | D:10     | Noticed a gargoyle
  8025 | Lair:1   | Entered Level 1 of the Lair of Beasts
  8025 | Lair:1   | Noticed a cane toad
  8032 | Lair:1   | Killed a cane toad
  8044 | Lair:1   | Noticed a cane toad
  8051 | Lair:1   | Reached XP level 11. HP: 38/95 MP: 11/11
  8247 | Lair:1   | Reached skill level 14 in Axes
  8300 | Lair:1   | Noticed Maggie
  8316 | Lair:1   | Killed Maggie
  8404 | Lair:1   | You fall into a shaft and drop 1 floor!
  8728 | Lair:1   | Reached ***** piety under Zin
  9474 | Lair:2   | Reached skill level 15 in Axes
  9509 | Lair:2   | Noticed a skyshark
  9526 | Lair:2   | Slain by a skyshark

Illustrated notes

Levels and vault maps discovered:
D:1:      lightli_arrival_isolated_outpost, layout_basic
D:2:      layout_basic, kennysheep_generic_room_16
D:3:      layout_basic, gammafunk_ghost_split, kennysheep_cluttered_room,
          kennysheep_generic_room_12
D:4:      layout_loops_ring, kennysheep_little_box,
          nicolae_overflow_hidden_temple, nemelex_spade_bored_becter
D:5:      layout_loops_ring
D:6:      layout_rooms, mainiacjoe_overflow_chevrons, kennysheep_mini
D:7:      layout_gridville, xom_redecorated, amethyst_overflow_temple_binary,
          mainiacjoe_overflow_paths, minmay_temple_entry_arrows,
          chequers_arboretum, kennysheep_generic_room_15
D:8:      layout_loops_ring, monkooky_shop_alliterative, uniq_maurice
D:9:      layout_loops_ring, nicolae_ru_awakened_eye
D:10:     layout_basic, grunt_qazlal_clouds, lemuel_coloured_pillars_altar,
          dpeg_oklobed_lair
Temple:   cyrus_temple_forest
Lair:1:   layout_regular_city, serial_bayou_crossing, infiniplex_staircase_pool,
          lemuel_fruit_tree, serial_bayou_shore_b, uniq_maggie
Lair:2:   lemuel_ratsnest, layout_small_grid, alex1729_snake_entry_snake,
          pdpol_lair_neglected_garden, serial_bayou_shore_a

Skill      XL: |  1  2  3  4  5  6  7  8  9 10 11 |
---------------+----------------------------------+-----
Axes           | 3 4 5 6 7 8 10 12 13 15 | 15.0
Fighting       | 4 5 6 7 8 9 |  9.7
Armour         | 4 5 6 7 8 9 |  9.8
Shields        | 4 5 7 8 9 |  9.5

Action                     |  1- 3 |  4- 6 |  7- 9 | 10-12 || total
---------------------------+-------+-------+-------+-------++-------
  Melee: War axe           |    96 |   157 |   343 |   367 ||   963
         Morningstar       |       |       |       |     9 ||     9
 Invoke: Donate Gold       |       |       |     1 |       ||     1
         Vitalisation      |       |       |     3 |     6 ||     9
         Recite            |       |       |     3 |     6 ||     9
  Evoke: Wand              |       |     4 |     3 |     3 ||    10
    Use: Scroll            |       |     8 |     6 |     6 ||    20
         Potion            |       |       |     1 |     8 ||     9
   Stab: Confused          |       |       |       |     1 ||     1
 Armour: Scale mail        |    80 |   118 |   112 |       ||   310
         Plate armour      |       |       |   113 |   320 ||   433
         Ring mail         |       |       |       |    47 ||    47
  Dodge: Dodged            |    40 |    54 |    53 |    85 ||   232
  Block: Buckler           |    22 |    23 |       |       ||    45
         Tower shield      |       |    35 |   241 |   371 ||   647

Table legend: (Time is in decaauts)
 A = Elapsed time spent in this place.
 B = Non-inter-level travel time spent in this place.
 C = Inter-level travel time spent in this place.
 D = Time resting spent in this place.
 E = Time spent auto-exploring this place.
 F = Levels seen in this place.
 G = Mean time per level.
                   A        B        C        D        E       F      G
               +--------+--------+--------+--------+--------+-----+--------+
         Total |   9730 |   9328 |    402 |    112 |   6401 |  13 |  748.5 |
       Dungeon |   8186 |   7945 |    241 |     18 |   5671 |  10 |  818.6 |
        Temple |     34 |     34 |      0 |      0 |      0 |   1 |   34.0 |
          Lair |   1509 |   1349 |    160 |     94 |    730 |   2 |  754.5 |
               +--------+--------+--------+--------+--------+-----+--------+

Top non-repeatable levels by time:
     D:7: 1208 daAuts
  Lair:1: 1193 daAuts
     D:9: 1027 daAuts
     D:1: 881 daAuts
     D:5: 802 daAuts
     D:4: 800 daAuts
     D:8: 747 daAuts
     D:2: 747 daAuts
     D:3: 710 daAuts
     D:6: 698 daAuts
    D:10: 562 daAuts
  Lair:2: 315 daAuts
  Temple: 34 daAuts
